[ AOE2 MATCH · #507346412 ]
UnrankedPortuguese vs Koreans
Player's team · WIN
Rival team · LOSS
[ REPLAY ANALYSIS · EXTRACTED FROM THE RECORDED GAME ]
Feudal
10:58
Castle
15:16
Imperial
—
| APM avg | 39.7 |
| APM peak | 101 |
| eAPM avg | 13.7 |
| Villagers / military | 33 / 11 |
Focus
⚔️ 38.5% · 🌾 61.5%
Organ Gun ×11
Feudal
9:16
Castle
—
Imperial
—
| APM avg | 61.5 |
| APM peak | 114 |
| eAPM avg | 36.3 |
| Villagers / military | 78 / 9 |
Focus
⚔️ 59.6% · 🌾 40.4%
Militia ×9
Match map
Initial resources + every placement click. Lines = walls · curves = elevation contours. ◆ gold · ⬟ stone · ● berries · ✦ relic · ◌ wall gap
Your base· Open — unwalled flank
TeKarino's base· Open — unwalled flank
Smoothed initial terrain · ◌ = detected wall gap · hover for details
Inputs per minute
— IWUDJA - - TeKarino
Build order — IWUDJA
96 actions detected in the replay
| 0:00 | Create | Villager (Male) |
| 0:00 | Create | Villager (Male) |
| 0:01 | Create | Villager (Male) |
| 0:02 | Build | House |
| 0:03 | Build | House |
| 0:08 | Create | Villager (Male) |
| 0:08 | Create | Villager (Male) |
| 1:35 | Create | Villager (Male) |
| 1:55 | Create | Villager (Male) |
| 1:55 | Create | Villager (Male) |
| 2:10 | Build | Lumber Camp |
| 2:18 | Create | Villager (Male) |
| 2:48 | Create | Villager (Male) |
| 3:01 | Create | Villager (Male) |
| 3:39 | Create | Villager (Male) |
| 3:59 | Build | House |
| 4:00 | Build | House |
| 4:04 | Create | Villager (Male) |
| 4:04 | Create | Villager (Male) |
| 4:06 | Create | Villager (Male) |
| 4:07 | Create | Villager (Male) |
| 4:25 | Create | Villager (Male) |
| 4:38 | Build | Mill |
| 4:46 | Build | Palisade Wall |
| 4:49 | Create | Villager (Male) |
| 4:49 | Create | Villager (Male) |
| 5:06 | Build | Palisade Wall |
| 5:11 | Build | House |
| 5:21 | Create | Villager (Male) |
| 5:21 | Create | Villager (Male) |
| 5:26 | Build | Palisade Wall |
| 5:28 | Build | Palisade Wall |
| 5:32 | Create | Villager (Male) |
| 5:56 | Create | Villager (Male) |
| 5:57 | Create | Villager (Male) |
| 5:57 | Create | Villager (Male) |
| 6:34 | Build | Palisade Wall |
| 6:35 | Build | Palisade Wall |
| 6:36 | Build | Palisade Wall |
| 6:36 | Build | Palisade Wall |
| 6:42 | Create | Villager (Male) |
| 6:47 | Build | Mining Camp |
| 7:10 | Build | Palisade Wall |
| 7:11 | Build | Palisade Wall |
| 8:20 | Research | Loom |
| 8:48 | Research | Feudal Age |
| 9:19 | Build | Palisade Wall |
| 10:37 | Create | Villager (Male) |
| 10:41 | Build | Palisade Wall |
| 10:43 | Build | Palisade Wall |
| 10:44 | Build | Palisade Wall |
| 10:45 | Build | Palisade Wall |
| 10:49 | Build | Palisade Wall |
| 10:56 | Build | Palisade Wall |
| 10:58 | Age | Feudal Age |
| 11:00 | Build | Palisade Wall |
| 11:02 | Build | Palisade Wall |
| 11:10 | Build | Palisade Wall |
| 11:30 | Build | Blacksmith |
| 11:36 | Build | Market |
| 11:48 | Build | Palisade Wall |
| 11:51 | Build | Palisade Wall |
| 11:56 | Build | Palisade Wall |
| 12:36 | Research | Castle Age |
| 12:43 | Build | Watch Tower |
| 13:44 | Build | Palisade Wall |
| 14:00 | Create | Villager (Male) |
| 14:36 | Build | Farm |
| 15:03 | Build | Gate |
| 15:11 | Build | Stone Wall |
| 15:15 | Build | Stone Wall |
| 15:16 | Age | Castle Age |
| 15:30 | Build | Castle |
| 15:58 | Create | Villager (Male) |
| 16:03 | Build | Farm |
| 16:27 | Build | Mining Camp |
| 16:32 | Research | Fletching |
| 16:45 | Build | Lumber Camp |
| 17:14 | Create | Organ Gun |
| 17:14 | Create | Organ Gun |
| 17:42 | Build | House |
| 17:43 | Build | House |
| 17:46 | Create | Villager (Male) |
| 17:46 | Create | Villager (Male) |
| 18:02 | Create | Organ Gun |
| 18:02 | Create | Organ Gun |
| 18:12 | Build | Stone Wall |
| 18:53 | Create | Villager (Male) |
| 18:53 | Create | Villager (Male) |
| 18:57 | Create | Organ Gun |
| 18:58 | Create | Organ Gun |
| 18:58 | Create | Organ Gun |
| 19:52 | Create | Organ Gun |
| 19:52 | Create | Organ Gun |
| 19:53 | Create | Organ Gun |
| 19:53 | Create | Organ Gun |
Build order — TeKarino
First 150 of 155 actions detected
| 0:00 | Create | Villager (Male) |
| 0:02 | Build | House |
| 0:03 | Build | House |
| 0:07 | Create | Villager (Male) |
| 0:18 | Create | Villager (Male) |
| 0:19 | Create | Villager (Male) |
| 1:27 | Create | Villager (Male) |
| 1:27 | Create | Villager (Male) |
| 2:06 | Create | Villager (Male) |
| 2:20 | Create | Villager (Male) |
| 2:20 | Create | Villager (Male) |
| 2:33 | Build | Lumber Camp |
| 2:54 | Create | Villager (Male) |
| 2:54 | Create | Villager (Male) |
| 2:54 | Create | Villager (Male) |
| 3:14 | Create | Villager (Male) |
| 3:21 | Create | Villager (Male) |
| 3:49 | Build | House |
| 3:56 | Create | Villager (Male) |
| 4:08 | Create | Villager (Male) |
| 4:19 | Build | House |
| 5:01 | Create | Villager (Male) |
| 5:22 | Create | Villager (Male) |
| 5:39 | Create | Villager (Male) |
| 5:51 | Build | Barracks |
| 6:10 | Create | Villager (Male) |
| 6:10 | Research | Loom |
| 6:59 | Research | Feudal Age |
| 6:59 | Research | Feudal Age |
| 7:08 | Create | Militia |
| 7:08 | Create | Militia |
| 7:26 | Build | Mill |
| 7:29 | Create | Militia |
| 7:30 | Create | Militia |
| 7:50 | Create | Militia |
| 7:50 | Create | Militia |
| 8:09 | Create | Militia |
| 8:09 | Create | Militia |
| 8:31 | Build | House |
| 8:41 | Create | Militia |
| 8:48 | Build | House |
| 8:56 | Build | Farm |
| 9:07 | Create | Villager (Male) |
| 9:07 | Create | Villager (Male) |
| 9:08 | Create | Villager (Male) |
| 9:16 | Age | Feudal Age |
| 9:39 | Create | Villager (Male) |
| 9:40 | Create | Villager (Male) |
| 9:41 | Build | Farm |
| 9:43 | Build | Farm |
| 9:54 | Build | House |
| 9:55 | Build | Palisade Wall |
| 10:07 | Create | Villager (Male) |
| 10:07 | Create | Villager (Male) |
| 10:26 | Create | Villager (Male) |
| 10:26 | Create | Villager (Male) |
| 10:28 | Build | Farm |
| 10:41 | Build | Farm |
| 10:58 | Create | Villager (Male) |
| 10:58 | Create | Villager (Male) |
| 11:14 | Create | Villager (Male) |
| 11:15 | Create | Villager (Male) |
| 11:22 | Build | Mining Camp |
| 11:35 | Create | Villager (Male) |
| 11:35 | Create | Villager (Male) |
| 11:44 | Build | Farm |
| 11:51 | Create | Villager (Male) |
| 12:04 | Research | Arson |
| 12:04 | Research | Arson |
| 12:07 | Create | Villager (Male) |
| 12:07 | Create | Villager (Male) |
| 12:08 | Build | Farm |
| 12:15 | Create | Villager (Male) |
| 12:35 | Build | Watch Tower |
| 12:41 | Create | Villager (Male) |
| 12:54 | Research | Man-at-Arms (upgrade) |
| 12:54 | Research | Man-at-Arms (upgrade) |
| 12:56 | Create | Villager (Male) |
| 12:57 | Create | Villager (Male) |
| 12:57 | Create | Villager (Male) |
| 13:09 | Build | Watch Tower |
| 13:11 | Create | Villager (Male) |
| 13:30 | Create | Villager (Male) |
| 13:33 | Build | Farm |
| 13:38 | Research | Double-Bit Axe |
| 13:39 | Research | Double-Bit Axe |
| 13:50 | Create | Villager (Male) |
| 13:54 | Build | Watch Tower |
| 14:16 | Build | Watch Tower |
| 14:17 | Create | Villager (Male) |
| 14:17 | Create | Villager (Male) |
| 14:18 | Create | Villager (Male) |
| 14:27 | Build | Blacksmith |
| 14:27 | Create | Villager (Male) |
| 14:35 | Build | Stone Wall |
| 14:36 | Create | Villager (Male) |
| 14:39 | Create | Villager (Male) |
| 14:51 | Build | House |
| 14:56 | Create | Villager (Male) |
| 15:04 | Build | House |
| 15:12 | Build | Stone Wall |
| 15:14 | Create | Villager (Male) |
| 15:22 | Create | Villager (Male) |
| 15:32 | Build | Watch Tower |
| 15:33 | Create | Villager (Male) |
| 15:47 | Build | Stone Wall |
| 15:49 | Create | Villager (Male) |
| 15:57 | Create | Villager (Male) |
| 16:08 | Create | Villager (Male) |
| 16:21 | Create | Villager (Male) |
| 16:25 | Build | House |
| 16:26 | Build | Farm |
| 16:27 | Build | Farm |
| 16:27 | Build | Farm |
| 16:27 | Build | Farm |
| 16:28 | Build | Farm |
| 16:28 | Build | Farm |
| 16:28 | Build | Farm |
| 16:28 | Build | Farm |
| 16:28 | Build | Farm |
| 16:28 | Build | Farm |
| 16:35 | Build | Stone Wall |
| 16:46 | Build | Stone Wall |
| 16:48 | Build | Stone Wall |
| 16:50 | Create | Villager (Male) |
| 16:56 | Build | Mining Camp |
| 17:12 | Build | Stone Wall |
| 17:28 | Build | Stone Wall |
| 17:56 | Build | Stone Wall |
| 18:05 | Create | Villager (Male) |
| 18:17 | Create | Villager (Male) |
| 18:27 | Build | Stone Wall |
| 18:37 | Build | Watch Tower |
| 18:39 | Create | Villager (Male) |
| 18:42 | Build | Mining Camp |
| 18:48 | Research | Stone Mining |
| 18:49 | Create | Villager (Male) |
| 18:57 | Build | Gate |
| 18:58 | Create | Villager (Male) |
| 19:12 | Build | Farm |
| 19:16 | Create | Villager (Male) |
| 19:21 | Build | Mining Camp |
| 19:29 | Create | Villager (Male) |
| 19:35 | Create | Villager (Male) |
| 19:37 | Build | Gate |
| 19:39 | Create | Villager (Male) |
| 19:45 | Create | Villager (Male) |
| 19:50 | Create | Villager (Male) |
| 19:51 | Create | Villager (Male) |
| 19:57 | Create | Villager (Male) |
Match timeline
| 4:46 | IWUDJA · wall_segment Palisade Wall x5 |
| 5:06 | IWUDJA · wall_segment Palisade Wall x1 |
| 5:26 | IWUDJA · wall_segment Palisade Wall x1 |
| 5:28 | IWUDJA · wall_segment Palisade Wall x1 |
| 5:51 | TeKarino · first_building Barracks |
| 6:34 | IWUDJA · wall_segment Palisade Wall x1 |
| 6:35 | IWUDJA · wall_segment Palisade Wall x1 |
| 6:36 | IWUDJA · wall_segment Palisade Wall x1 |
| 6:36 | IWUDJA · wall_segment Palisade Wall x1 |
| 7:10 | IWUDJA · wall_segment Palisade Wall x2 |
| 7:11 | IWUDJA · wall_segment Palisade Wall x8 |
| 9:16 | TeKarino · age_up feudal |
| 9:19 | IWUDJA · wall_segment Palisade Wall x10 |
| 9:55 | TeKarino · wall_segment Palisade Wall x6 |
| 10:41 | IWUDJA · wall_segment Palisade Wall x1 |
| 10:43 | IWUDJA · wall_segment Palisade Wall x1 |
| 10:44 | IWUDJA · wall_segment Palisade Wall x1 |
| 10:45 | IWUDJA · wall_segment Palisade Wall x1 |
| 10:49 | IWUDJA · wall_segment Palisade Wall x1 |
| 10:56 | IWUDJA · wall_segment Palisade Wall x1 |
| 10:58 | IWUDJA · age_up feudal |
| 11:00 | IWUDJA · wall_segment Palisade Wall x1 |
| 11:02 | IWUDJA · wall_segment Palisade Wall x1 |
| 11:10 | IWUDJA · wall_segment Palisade Wall x1 |
| 11:48 | IWUDJA · wall_segment Palisade Wall x1 |
| 11:51 | IWUDJA · wall_segment Palisade Wall x1 |
| 11:56 | IWUDJA · wall_segment Palisade Wall x1 |
| 12:25 | IWUDJA · first_market_sell 100 wood |
| 13:44 | IWUDJA · wall_segment Palisade Wall x1 |
| 14:35 | TeKarino · wall_segment Stone Wall x15 |
| 15:11 | IWUDJA · wall_segment Stone Wall x2 |
| 15:12 | TeKarino · wall_segment Stone Wall x4 |
| 15:15 | IWUDJA · wall_segment Stone Wall x1 |
| 15:16 | IWUDJA · age_up castle |
| 15:30 | IWUDJA · first_building Castle |
| 15:47 | TeKarino · wall_segment Stone Wall x6 |
| 15:57 | IWUDJA · first_market_buy 100 food |
| 16:35 | TeKarino · wall_segment Stone Wall x11 |
| 16:46 | TeKarino · wall_segment Stone Wall x13 |
| 16:48 | TeKarino · wall_segment Stone Wall x4 |
| 17:12 | TeKarino · wall_segment Stone Wall x4 |
| 17:28 | TeKarino · wall_segment Stone Wall x15 |
| 17:56 | TeKarino · wall_segment Stone Wall x8 |
| 18:12 | IWUDJA · wall_segment Stone Wall x1 |
| 18:27 | TeKarino · wall_segment Stone Wall x4 |
| 20:35 | TeKarino · resign |
[ AI ANALYSIS · 1 CREDIT ]
What really happened in this match?
Wolo.gg analyzes every decision: build order, eco, micro, common mistakes by bracket. Personalized analysis on WhatsApp or Discord in 30 seconds.
Civ guide
Portuguese
Perfil
Jugador #5566911